 Dungeon Crawl Stone Soup version 0.30-a0-1112-gfb780f5df6 (webtiles) character file.

Game seed: 4163565421731972720

104 IdlyInterested the Sneak (level 4, -2/35 HPs)
             Began as a Demonspawn Brigand on Apr 19, 2023.
             Slain by Grinder (6 damage)
             ... on level 3 of the Dungeon.
             The game lasted 00:07:35 (2537 turns).

IdlyInterested the Sneak (Demonspawn Brigand)       Turns: 2537, Time: 00:07:35

Health: -2/35      AC: 10    Str: 11    XL:     4   Next: 52%
Magic:  4/4        EV: 10    Int:  9    God:
Gold:   104        SH:  0    Dex: 24    Spells: 3/3 levels left

rFire   . . .      SeeInvis .    c - +1 short sword (venom)
rCold   . . .      Faith    .    (no shield)
rNeg    . . .      Spirit   .    q - +0 ring mail of the Dropbear {Int-3 Dex+7}
rPois   .          Reflect  .    (no helmet)
rElec   .          Rampage  .    u - +0 cloak
rCorr   .                        (no gloves)
Will    .....                    (no boots)
Stlth   +++                      (no amulet)
HPRegen 0.25/turn                o - +4 ring of protection
MPRegen 0.09/turn                (no ring)

@: no status effects
A: demonic guardian 1
a: no special abilities


You were on level 3 of the Dungeon.
You visited 1 branch of the dungeon, and saw 3 of its levels.

You collected 104 gold pieces.

Inventory:

Hand Weapons
 c - a +1 short sword of venom (weapon)
 f - a +3 dagger
 l - a +0 short sword
 n - a +0 dagger of draining
 v - the +7 trident of Ignis's Outrage {heavy, Int+3 SInv}
   (You found it on level 3 of the Dungeon)

   Int:       It affects your intelligence (+3).
   SInv:      It lets you see invisible.
Missiles
 d - 10 poisoned darts (quivered)
 e - 3 curare-tipped darts
 g - 48 stones
Armour
 i - a +0 leather armour
 q - the +0 ring mail of the Dropbear (worn) {Int-3 Dex+7}
   (You found it on level 2 of the Dungeon)

   Int:       It affects your intelligence (-3).
   Dex:       It affects your dexterity (+7).
 u - a +0 cloak (worn)
Jewellery
 b - a ring of fire
 o - a +4 ring of protection (left hand)
 s - an amulet of faith
Scrolls
 j - 4 scrolls of enchant weapon
 m - 2 scrolls of teleportation
Potions
 a - 2 potions of curing
 h - a potion of mutation {unknown}
 k - 2 potions of magic {unknown}
 r - a potion of attraction {unknown}
 t - a potion of might {unknown}


   Skills:
 * Level 3.4 Fighting
 - Level 1.7 Short Blades
 - Level 2.0 Throwing
 - Level 1.0 Armour
 + Level 1.2 Dodging
 * Level 4.2 Stealth
 - Level 1.0 Evocations


You had 3 spell levels left.
You didn't know any spells.
Your spell library was empty.

Dungeon Overview and Level Annotations

Branches:
Dungeon (3/15)

Altars:

Shops:
D:3 !

Annotations:
D:3 Grinder


Innate Abilities, Weirdness & Mutations

A weak demonic guardian rushes to your aid.


Message History

You completely miss Terence. Terence barely misses you.
You hit Terence but do no damage.
Terence is poisoned.
Terence barely misses you.
You hit Terence.
Terence looks as sick as possible!
Terence is moderately wounded.
Terence hits you but does no damage.
You closely miss Terence.
Terence is heavily wounded.
Terence barely misses you.
You barely miss Terence.
Terence is heavily wounded.
Terence hits you with a +0 trident!
You hit Terence but do no damage.
Terence looks as sick as possible!
Terence is severely wounded.
Terence barely misses you.
You hit Terence but do no damage.
Terence looks as sick as possible!
Terence is almost dead.
You kill Terence!
You hit Grinder. You punch Grinder.
Grinder is lightly wounded.
Grinder barely misses you.
You hit Grinder.
Grinder is moderately wounded.
Grinder hits you.
You writhe in agony.
You closely miss Grinder.
Grinder is moderately wounded.
Grinder hits you but does no damage.
You barely miss Grinder.
Grinder is moderately wounded.
You closely miss Grinder.
Grinder is moderately wounded.
Grinder gestures at you. Pain shoots through your body!
* * * LOW HITPOINT WARNING * * *
You hit Grinder.
Grinder is poisoned.
Grinder is moderately wounded.
Grinder hits you.
* * * LOW HITPOINT WARNING * * *
A demonic guardian appears!
You writhe in agony.
You die...

#..........#..♣ ♣..#
#.# #...#
#..........#...♣♣...#
#.# ###.#
#....^.....#........#
#.# #.#
#........####......#
#.# #.# #........#
##'# #.# #.#
#........# #..# #.#
#.# ####+###.# #.##
#.# #.#
#.#####.#########.#
#.#
#......55@........#
#.##
#..################
#... ..# #### ###


You could see Grinder (very poisoned, ally target) and a friendly iron imp
(summoned).

Vanquished Creatures
  Crazy Yiuf (D:2)
  Terence (D:3)
  A worm (D:3)
  4 ball pythons
  5 endoplasms
  A giant cockroach (D:1)
  9 goblins
  2 hobgoblins (D:1)
  8 kobolds
  3 bats
  5 frilled lizards
  7 rats
47 creatures vanquished.

Notes
Turn   | Place    | Note
-------+----------+-------------------------------------------
     0 | D:1      | IdlyInterested the Demonspawn Brigand began the quest for
                  | the Orb.
     0 | D:1      | Reached XP level 1. HP: 16/16 MP: 1/1
   115 | D:1      | Reached skill level 1 in Dodging
   196 | D:1      | Gained mutation: A weak demonic guardian rushes to your
                  | aid. [demonic ancestry]
   196 | D:1      | Reached XP level 2. HP: 22/22 MP: 2/2
   782 | D:1      | Found a faded altar of an unknown god.
   897 | D:1      | Reached skill level 1 in Armour
  1103 | D:2      | Reached XP level 3. HP: 28/28 MP: 3/3
  1131 | D:2      | Identified the +0 ring mail of the Dropbear {Int-3 Dex+7}
  1562 | D:2      | Found a runed translucent door.
  1563 | D:2      | Noticed Crazy Yiuf
  1574 | D:2      | Killed Crazy Yiuf
  1575 | D:2      | Reached skill level 4 in Stealth
  1575 | D:2      | Reached skill level 1 in Evocations
  1784 | D:3      | Found Heugikhe's Distillery.
  1856 | D:3      | Identified the +7 trident of Ignis's Outrage {heavy, Int+3
                  | SInv}
  2034 | D:3      | Reached XP level 4. HP: 35/35 MP: 4/4
  2510 | D:3      | Noticed Terence
  2511 | D:3      | Noticed Grinder
  2512 | D:3      | Paralysed by Grinder for 3 turns
  2531 | D:3      | Killed Terence
  2537 | D:3      | Slain by Grinder

Illustrated notes

Levels and vault maps discovered:
D:1:      lightli_arrival_statue_moat, layout_loops_ring,
          hellmonk_ecumenical_altar_leap_of_faith
D:2:      layout_basic, uniq_crazy_yiuf_cottage
D:3:      layout_basic, gammafunk_temple_overflow_pools, serial_shops, shop,
          kennysheep_another_room, kennysheep_big_empty_room, uniq_grinder,
          uniq_terence

Skill      XL: |  1  2  3 |
---------------+----------+-----
Throwing       | 2 |  2.0
Dodging        | 1 |  1.2
Armour         | 1 |  1.0
Fighting       | 3 |  3.4
Stealth        | 4 |  4.2
Evocations     | 1 |  1.0
Short Blades   | |  1.7

Action                     |  1- 3 |  4- 6 || total
---------------------------+-------+-------++-------
  Melee: Dagger            |   102 |    10 ||   112
         Punch             |     2 |     1 ||     3
         Short sword       |       |    13 ||    13
  Throw: Dart              |     9 |       ||     9
    Use: Scroll            |     4 |       ||     4
         Potion            |       |     1 ||     1
   Stab: Sleeping          |    10 |     3 ||    13
 Armour: Robe              |     5 |       ||     5
         Leather armour    |    14 |       ||    14
         Ring mail         |     2 |     9 ||    11
  Dodge: Dodged            |    37 |     7 ||    44

Table legend: (Time is in decaauts)
 A = Elapsed time spent in this place.
 B = Non-inter-level travel time spent in this place.
 C = Inter-level travel time spent in this place.
 D = Time resting spent in this place.
 E = Time spent auto-exploring this place.
 F = Levels seen in this place.
 G = Mean time per level.
                   A        B        C        D        E       F      G
               +--------+--------+--------+--------+--------+-----+--------+
         Total |   2524 |   2128 |    396 |    112 |   1420 |   3 |  841.3 |
       Dungeon |   2524 |   2128 |    396 |    112 |   1420 |   3 |  841.3 |
               +--------+--------+--------+--------+--------+-----+--------+

Top non-repeatable levels by time:
     D:1: 1136 daAuts
     D:2: 732 daAuts
     D:3: 655 daAuts
